 Dungeon Crawl Stone Soup version 0.25-a0-166-g16436c4407 (webtiles) character file.

Game seed: 2444554244292790886, levelgen mode: deterministic

135025 mortelune the Eclecticist (level 16, -7/106 HPs)
             Began as a Deep Elf Fire Elementalist on Nov 23, 2019.
             Was a High Priest of Vehumet.
             Shot with a bolt by a naga sharpshooter (26 damage)
             ... led by Vashnia
             ... on level 2 of the Snake Pit.
             The game lasted 01:42:16 (44544 turns).

mortelune the Eclecticist (DEFE)                   Turns: 44544, Time: 01:42:16

Health: -7/106     AC: 15    Str: 11    XL:     16   Next: 63%
Magic:  7/38       EV: 19    Int: 30    God:    Vehumet [*****.]
Gold:   980        SH:  5    Dex: 13    Spells: 10/48 levels left

rFire    + + +     SeeInvis .   G - staff of fire
rCold    . . .     Gourm    .   s - +0 buckler
rNeg     . . .     Faith    .   K - +2 robe {Archmagi}
rPois    +         Spirit   .   O - +1 helmet of the Monkey {rPois Slay+2}
rElec    .         Reflect  .   T - +1 cloak {rC+}
rCorr    .         Harm     .   a - +0 pair of gloves {Str+3}
MR       +....                  x - +2 pair of boots {run}
Stlth    ++........             k - amulet of the acrobat
HPRegen  0.27/turn              R - +5 ring of intelligence
MPRegen  0.26/turn              l - ring of fire

@: studying Spellcasting, quick
A: iridescent scales 1, clumsy 1, fire resistance 1, robust 1
a: Renounce Religion


You were on level 2 of the Snake Pit.
You worshipped Vehumet.
Vehumet was extremely pleased with you.
You were hungry.

You visited 5 branches of the dungeon, and saw 26 of its levels.
You also visited: Ossuary, Gauntlet and Ice Cave.

You collected 2685 gold pieces.
You spent 1705 gold pieces at shops.

Inventory:

Hand Weapons
 q - a +1 demon trident of electrocution
 Q - the +2 battleaxe of Tenacity {pain, rElec MR+}
   (You found it on level 6 of the Lair of Beasts)

   In the hands of one skilled in necromantic magic, it inflicts extra damage on
   living creatures.
   It insulates you from electricity.
   It affects your resistance to hostile enchantments.
Armour
 a - a +0 pair of gloves of strength (worn)
 n - the +0 ring mail of Reqoarphe {Int+4 Slay+2}
   (You found it on level 5 of the Dungeon)

   It affects your intelligence (+4).
   It affects your accuracy and damage with ranged weapons and melee attacks
   (+2).
 p - a scarf of resistance
 s - a +0 buckler (worn)
 x - a +2 pair of boots of running (worn)
 y - a scarf of repulsion
 K - a +2 robe of the Archmagi (worn)
 O - the +1 helmet of the Monkey (worn) {rPois Slay+2}
   (You found it in a Gauntlet)

   It affects your accuracy and damage with ranged weapons and melee attacks
   (+2).
   It protects you from poison.
 T - a +1 cloak of cold resistance (worn)
 V - a +2 shield
Magical Staves
 G - an uncursed staff of fire (weapon)
Jewellery
 h - an uncursed ring of flight
 k - an amulet of the acrobat (around neck)
 l - a ring of fire (right hand)
 t - an uncursed ring of wizardry
 z - an uncursed ring of ice
 A - an uncursed amulet of regeneration {unknown}
 H - an uncursed ring of poison resistance
 N - an uncursed ring of ice
 R - a +5 ring of intelligence (left hand)
 Y - an uncursed ring of protection from magic
Wands
 v - a wand of clouds (23)
 w - a wand of polymorph (10)
 J - a wand of digging (9)
 P - a wand of acid (22)
Scrolls
 e - 16 scrolls of remove curse
 i - 5 scrolls of identify
 r - 6 scrolls of enchant weapon
 B - 5 scrolls of fog
 C - 9 scrolls of teleportation
 F - 3 scrolls of magic mapping
 M - 3 scrolls of fear
 W - a scroll of immolation
Potions
 d - a potion of invisibility
 f - a potion of agility
 g - 8 potions of brilliance
 j - 7 potions of flight
 m - 13 potions of curing
 o - a potion of berserk rage
 u - 8 potions of heal wounds
 D - 5 potions of ambrosia
 E - 2 potions of mutation
 I - 3 potions of haste
 L - 3 potions of magic
 S - 2 potions of cancellation
 Z - a potion of might
Books
 U - a manual of Spellcasting
Miscellaneous
 X - 2 phantom mirrors
Comestibles
 c - 36 rations


   Skills:
 + Level 9.9 Fighting
 + Level 5.4 Staves
 - Level 4.2 Armour
 - Level 11.4 Dodging
 - Level 2.4 Stealth
 - Level 4.0 Shields
 - Level 16.5 Spellcasting
 + Level 15.7 Conjurations
 - Level 6.6 Summonings
 - Level 13.6 Fire Magic
 * Level 11.6 Earth Magic


You had 10 spell levels left.
You knew the following spells:

 Your Spells              Type           Power        Failure   Level  Hunger
a - Flame Tongue          Conj/Fire      #####        0%          1    None
b - Iron Shot             Conj/Erth      ########..   1%          6    ##.....
c - Conjure Flame         Conj/Fire      ########     0%          3    None
d - Sticky Flame          Conj/Fire      ########     1%          4    None
e - Fireball              Conj/Fire      #########.   1%          5    None
f - Mephitic Cloud        Conj/Pois/Air  ######..     1%          3    None
g - Summon Lightning Spi  Summ/Air       ######..     4%          4    None
q - Spellforged Servitor  Conj/Summ      #######...   4%          7    #####..
x - Bolt of Magma         Conj/Fire/Erth #########.   1%          5    None

Your spell library contained the following spells:

 Spells                   Type           Power        Failure   Level  Hunger
 Sandblast                Erth           ######       0%          1    None
 Throw Flame              Conj/Fire      ######       0%          2    None
 Stone Arrow              Conj/Erth      ######       0%          3    None
 Animate Skeleton         Necr           N/A          1%          1    None
 Corona                   Hex            #####..      1%          1    None
 Freeze                   Ice            ####         1%          1    None
 Infusion                 Chrm           ####         1%          1    None
 Pain                     Necr           ####         1%          1    None
 Summon Small Mammal      Summ           ####         1%          1    None
 Call Imp                 Summ           #######.     1%          2    None
 Passwall                 Tmut/Erth      ######..     1%          2    None
 Throw Frost              Conj/Ice       ######       1%          2    None
 Call Canine Familiar     Summ           #######.     1%          3    None
 Inner Flame              Hex/Fire       ########     1%          3    None
 Summon Guardian Golem    Hex/Summ       ######..     1%          3    None
 Force Lance              Conj/Tloc      #######.     1%          4    None
 Leda's Liquefaction      Hex/Erth       ######....   1%          4    None
 Petrify                  Tmut/Erth      ######..     1%          4    None
 Throw Icicle             Conj/Ice       #######.     1%          4    None
 Lee's Rapid Deconstruct  Erth           #######...   1%          5    None
 Poisonous Vapours        Pois/Air       #####.       2%          2    None
 Shroud of Golubria       Chrm/Tloc      #####.       2%          2    None
 Slow                     Hex            #####...     2%          2    None
 Song of Slaying          Chrm           #####...     2%          2    None
 Conjure Ball Lightning   Conj/Air       #######...   3%          6    ##.....
 Summon Ice Beast         Ice/Summ       ######..     4%          4    None
 Gell's Gravitas          Tloc           #####.....   5%          3    None
 Ozocubu's Armour         Chrm/Ice       #####...     5%          3    None
 Portal Projectile        Hex/Tloc       #####.       5%          3    None
 Regeneration             Chrm/Necr      #####.....   5%          3    None
 Spectral Weapon          Hex/Chrm       #####...     5%          3    None
 Vampiric Draining        Necr           #####.....   5%          3    None
 Freezing Cloud           Conj/Ice/Air   ######....   9%          6    ##.....
 Animate Dead             Necr           N/A          19%         4    None
 Cause Fear               Hex            #####.....   19%         4    None
 Silence                  Hex/Air        #####.....   45%         5    None
 Ring of Flames           Chrm/Fire      ########..   67%         7    #####..
 Deflect Missiles         Chrm/Air       #####.....   95%         6    ##.....
 Dispersal                Tloc           #####.....   95%         6    ##.....
 Controlled Blink         Tloc           N/A          100%        8    ######.
 Disjunction              Tloc           #####.....   100%        8    ######.
 Tornado                  Air            #####.....   100%        9    #######


Dungeon Overview and Level Annotations

Branches:
Dungeon (15/15)            Temple (1/1) D:7            Lair (6/6) D:9
 Shoals (0/4) Lair:4        Snake (2/4) Lair:3        Slime (0/5) Lair:5
    Orc (2/2) D:9             Elf (0/3) Orc:2        Vaults (0/5) D:14
 Depths (0/5) D:15        Ossuary (visited)           IceCv (visited)
Gauntlet (visited)

Altars:
Ashenzari
Cheibriados
Dithmenos
Elyvilon
Makhleb
Okawaru
Qazlal
Ru
Sif Muna
Trog
Vehumet
Wu Jian
Xom
Yredelemnul
Zin
Beogh

Shops:
D:10 **   D:11 }   Orc:2 [?}!   Snake:1 (

Portals:
Pandemonium: Orc:2

Annotations:
Lair:1 1 runed translucent door, Levog's ghost, novice DsBe


Innate Abilities, Weirdness & Mutations

You are partially covered in iridescent scales. (AC +2)
You are clumsy. (Dex -2)
Your flesh is heat resistant. (rF+)
You are robust. (+10% HP)


Message History

Aim: a naga sharpshooter, wielding a +0 arbalest and wearing a +0 robe (lightly wounded)
You feel a huge surge of power!
The fireball explodes!
The fireball engulfs the naga sharpshooter!!!
You kill the naga sharpshooter!
Vehumet accepts your kill.
The fireball engulfs the naga sharpshooter!!!
You kill the naga sharpshooter!
Vehumet accepts your kill.
You feel your power returning.
The fireball engulfs the naga sharpshooter!!!
The naga sharpshooter is almost dead.
Vehumet accepts your kill.
You feel your power returning.
You feel a bit more experienced.
Your spellforged servitor hums quietly as it recharges.
The naga sharpshooter shoots an arrow.
The arrow completely misses your spellforged servitor.
The arrow hits you!!
* * * LOW HITPOINT WARNING * * *
The naga sharpshooter shoots a bolt.
The bolt hits you!!
You die...

### ##.# #.# ...
##..## .... .N..
#....# #....
.....##.@..## #....
#.N).).(....##...#
#.)...8.(........#
###.....)(......#
#.......[(....#
#.............#
#.<...........#
#N)....)..[....#
....##.............


You could see 2 naga sharpshooters and a friendly spellforged servitor.

Vanquished Creatures
  Vashnia (Snake:2)
  Frances (D:13)
  Gastronok (Orc:1)
  An ironheart preserver (D:14)
  A minotaur (Gauntlet)
  Nessos (D:15)
  Fannar (Orc:1)
  Josephine (Lair:5)
  2 naga warriors (Snake:1)
  10 hydras
  Harold (D:11)
  5 catoblepae
  2 centaur warriors (D:13)
  Erica (D:11)
  2 anacondas (Snake:1)
  12 death yaks
  4 naga sharpshooters (Snake:2)
  10 two-headed ogres
  Urug (Orc:2)
  3 shock serpents
  Sonja (D:11)
  5 orc high priests (Orc:2)
  A sixfirhy (Orc:2)
  3 unseen horrors
  2 infernal demonspawn (Orc:2)
  2 torturous demonspawn (Orc:2)
  3 wizards
  3 necromancers
  A wolf spider zombie (D:15)
  3 orc knights (Orc:2)
  7 orc sorcerers
  A deep elf mage (D:15)
  8 oklob plants
  2 salamanders
  4 cyclopes
  5 ugly things
  3 manticores
  5 elephants (Lair:4)
  2 merfolk sirens (Lair:4)
  A torpor snail (Lair:6)
  3 orange demons (Orc:2)
  An ice statue (IceCv)
  7 black mambas
  5 naga magi
  A gargoyle (D:15)
  12 spiny frogs
  4 yaktaurs (D:15)
  3 kobold demonologists
  12 freezing wraiths
  A redback zombie (D:15)
  2 ice devils (Lair:5)
  7 komodo dragons
  An efreet (D:14)
  A tengu conjurer (D:15)
  2 merfolk (Lair:4)
  3 hornets
  7 trolls
  3 polar bears
  A raiju (Gauntlet)
  8 blink frogs
  9 slime creatures
  Prince Ribbit (D:7)
  2 dream sheep (D:8)
  11 hippogriffs
  A vampire (D:12)
  A spriggan (Lair:6)
  A shadow (D:14)
  54 yaks
  A wyvern (Lair:3)
  8 wraiths
  Grum (D:11)
  4 basilisks
  2 hungry ghosts
  A redback simulacrum (D:15)
  A neqoxec (Orc:2)
  A warg (Orc:1)
  2 acid dragons
  8 nagas
  A soldier ant (D:13)
  12 water moccasins
  34 orc warriors
  6 porcupines
  An alligator simulacrum (IceCv)
  8 ice beasts
  3 sky beasts
  2 black bears
  3 phantoms
  17 ogres
  6 eyes of draining
  38 wolves
  6 centaurs
  14 crocodiles
  6 big kobolds
  Blork the orc (D:4)
  19 bullfrogs
  A gnoll sergeant (D:10)
  3 water moccasin zombies
  2 wyvern zombies
  A wyvern skeleton (D:14)
  5 scorpions
  5 electric eels (D:9)
  10 howler monkeys
  2 crimson imps
  6 centaur zombies
  2 quasits
  4 bullfrog zombies
  3 draconian simulacra (IceCv)
  7 centaur skeletons
  12 hounds
  4 jellies
  27 orc priests
  13 iguanas
  18 orc wizards
  Natasha (thrice) (D:4)
  A lightning spire (Gauntlet)
  16 worker ants
  A polar bear simulacrum (IceCv)
  A spriggan simulacrum (IceCv)
  4 troll simulacra (IceCv)
  2 wolf simulacra (IceCv)
  2 big kobold zombies (Ossuary)
  4 centaur simulacra
  A hound zombie (D:10)
  A hound skeleton (D:7)
  2 mummies (Ossuary)
  A howler monkey zombie (D:5)
  A worker ant zombie (D:4)
  4 gnolls (D:10)
  4 ogre simulacra (IceCv)
  14 adders
  6 naga simulacra (IceCv)
  5 shadow imps
  12 white imps (IceCv)
  An ooze (D:4)
  8 adder zombies (Ossuary)
  5 adder skeletons
  3 worms
  3 dart slugs
  5 leopard geckos
  106 orcs
  4 giant cockroaches
  2 goblins
  12 hobgoblins
  16 jackals
  7 quokkas
  2 ball pythons (D:3)
  9 bats
  9 frilled lizards
  6 hobgoblin zombies (Ossuary)
  A jackal skeleton (D:5)
  25 kobolds
  3 kobold zombies (Ossuary)
  5 leopard gecko skeletons
  7 orc zombies (Ossuary)
  6 rats
  4 fungi
  21 plants
973 creatures vanquished.

Vanquished Creatures (collateral kills)
  Asterion (Snake:2)
  A nagaraja (Snake:2)
  2 death yaks (Lair:6)
  An orc knight (Orc:2)
  A centaur zombie (D:12)
  3 yaks (Lair:6)
  A wraith (Lair:4)
  A crocodile (Lair:6)
  An orc priest (Orc:2)
  An orc wizard (Orc:2)
  3 orcs
  A kobold (D:12)
17 creatures vanquished.

Vanquished Creatures (others)
  4 bushes
  15 fungi
  38 plants
  2 withered plants (Lair:1)
59 creatures vanquished.

Grand Total: 1049 creatures vanquished

Notes
Turn   | Place    | Note
-------+----------+-------------------------------------------
     0 | D:1      | mortelune the Deep Elf Fire Elementalist began the quest
                  | for the Orb.
     0 | D:1      | Reached XP level 1. HP: 10/10 MP: 6/6
   211 | D:1      | Reached XP level 2. HP: 1/15 MP: 2/8
   575 | D:1      | Learned a level 2 spell: Throw Flame
  1365 | D:2      | Reached XP level 3. HP: 19/19 MP: 4/9
  1370 | D:2      | Learned a level 3 spell: Conjure Flame
  2695 | D:2      | Reached XP level 4. HP: 24/24 MP: 8/11
  2701 | D:2      | Learned a level 4 spell: Sticky Flame
  3014 | D:2      | Found a snail-covered altar of Cheibriados.
  3014 | D:2      | Found a glowing silver altar of Zin.
  3019 | D:2      | Found a stormy altar of Qazlal.
  3021 | D:2      | Found a faded altar of an unknown god.
  3023 | D:2      | Found a shattered altar of Ashenzari.
  4413 | D:4      | Noticed Natasha
  4889 | D:4      | Killed Natasha
  4889 | D:4      | Reached skill level 4 in Spellcasting
  4889 | D:4      | Reached XP level 5. HP: 28/28 MP: 1/13
  5340 | D:4      | Reached XP level 6. HP: 32/32 MP: 1/14
  5566 | D:4      | Noticed Blork the orc
  5713 | D:4      | Reached skill level 5 in Fire Magic
  5787 | D:4      | Noticed Natasha
  5793 | D:4      | Killed Natasha
  6386 | D:4      | Noticed Natasha
  6388 | D:4      | Killed Natasha
  6639 | D:4      | Killed Blork the orc
  7123 | D:4      | Gained mutation: You evolve. [potion of mutation]
  7123 | D:4      | Gained mutation: You are frail. (-10% HP) [potion of
                  | mutation]
  7123 | D:4      | Gained mutation: You are partially covered in iridescent
                  | scales. (AC +2) [potion of mutation]
  7159 | D:5      | Entered Level 5 of the Dungeon
  7209 | D:5      | Reached XP level 7. HP: 32/32 MP: 8/16
  7249 | D:5      | Learned a level 5 spell: Fireball
  7253 | D:5      | Gained mutation: Your flesh is heat resistant. (rF+)
                  | [evolution]
  7258 | D:5      | Reached skill level 5 in Spellcasting
  7668 | D:5      | Reached skill level 5 in Conjurations
  7945 | D:5      | Got a heavily runed ring mail
  8321 | D:6      | Reached skill level 1 in Fighting
  8435 | D:6      | Reached skill level 5 in Dodging
  8435 | D:6      | Reached XP level 8. HP: 23/38 MP: 3/18
  8491 | D:6      | Lost mutation: You are frail. (-10% HP) [evolution]
  9424 | D:6      | Found a shadowy altar of Dithmenos.
  9425 | D:6      | Found a basalt altar of Yredelemnul.
  9427 | D:6      | Found a shimmering blue altar of Sif Muna.
  9433 | D:6      | Found a burning altar of Makhleb.
  9433 | D:6      | Found a sacrificial altar of Ru.
  9434 | D:6      | Found a white marble altar of Elyvilon.
  9561 | D:6      | Reached skill level 6 in Spellcasting
 10003 | D:7      | Found an iron altar of Okawaru.
 10313 | D:7      | Noticed a two-headed ogre
 10321 | D:7      | Killed a two-headed ogre
 10321 | D:7      | Reached XP level 9. HP: 49/49 MP: 6/21
 10575 | D:7      | Gained mutation: You are robust. (+10% HP) [evolution]
 10739 | D:7      | Noticed Prince Ribbit
 10748 | D:7      | Killed Prince Ribbit
 10748 | D:7      | Reached skill level 7 in Spellcasting
 10934 | D:7      | Found a snail-covered altar of Cheibriados.
 11066 | D:7      | Found a staircase to the Ecumenical Temple.
 11080 | Temple   | Entered the Ecumenical Temple
 11135 | Temple   | Became a worshipper of Vehumet
 11550 | D:8      | Found a sand-covered staircase.
 11554 | Ossuary  | Entered an ossuary
 11934 | Ossuary  | Reached * piety under Vehumet
 11934 | Ossuary  | Offered knowledge of Freeze by Vehumet.
 12618 | D:8      | Reached XP level 10. HP: 49/61 MP: 7/23
 13033 | D:8      | Gained mutation: You are agile. (Dex +2) [evolution]
 13394 | D:8      | Reached ** piety under Vehumet
 13394 | D:8      | Offered knowledge of Magic Dart by Vehumet.
 13394 | D:8      | Reached skill level 8 in Spellcasting
 13676 | D:8      | Noticed a two-headed hydra
 13680 | D:8      | Killed a two-headed hydra
 13867 | D:8      | Lost mutation: You are agile. (Dex +2) [evolution]
 13875 | D:9      | Found a staircase to the Orcish Mines.
 13879 | D:9      | Reached skill level 10 in Fire Magic
 14260 | D:9      | Noticed a cyclops
 14784 | D:9      | Identified the cursed +0 ring mail of Reqoarphe {Int+4
                  | Slay+2} (You found it on level 5 of the Dungeon)
 14833 | D:9      | Found a staircase to the Lair.
 14862 | D:9      | Reached skill level 10 in Conjurations
 14883 | D:9      | Offered knowledge of Mephitic Cloud by Vehumet.
 14885 | D:9      | Reached skill level 9 in Spellcasting
 14893 | D:9      | Learned a level 3 spell: Mephitic Cloud
 15087 | D:9      | Found an ornate altar of the Wu Jian Council.
 15098 | D:9      | Killed a cyclops
 15098 | D:9      | Reached XP level 11. HP: 67/68 MP: 15/26
 15382 | D:9      | Reached *** piety under Vehumet
 15867 | Lair:1   | Entered Level 1 of the Lair of Beasts
 16079 | Lair:1   | Found a runed translucent door.
 16079 | Lair:1   | Noticed Levog's ghost (novice DsBe)
 16430 | Lair:1   | Reached skill level 5 in Fighting
 16506 | Lair:1   | Offered knowledge of Olgreb's Toxic Radiance by Vehumet.
 16761 | Lair:1   | Noticed a four-headed hydra
 16764 | Lair:1   | Killed a four-headed hydra
 17234 | Lair:1   | Reached skill level 10 in Spellcasting
 17356 | Lair:1   | Noticed an oklob plant
 17361 | Lair:1   | Killed an oklob plant
 17496 | Lair:1   | Noticed an oklob plant
 17581 | Lair:1   | Killed an oklob plant
 17633 | Lair:1   | Noticed an oklob plant
 17635 | Lair:1   | Killed an oklob plant
 17635 | Lair:1   | Reached **** piety under Vehumet
 17700 | Lair:1   | Noticed an oklob plant
 17702 | Lair:1   | Killed an oklob plant
 17778 | Lair:1   | Gained mutation: You are clumsy. (Dex -2) [evolution]
 18057 | Lair:1   | Reached XP level 12. HP: 75/75 MP: 23/28
 18592 | Lair:2   | Noticed a seven-headed hydra
 19278 | Lair:2   | Offered knowledge of Bolt of Draining by Vehumet.
 19297 | Lair:2   | Noticed an eight-headed hydra
 19896 | Lair:2   | Killed a seven-headed hydra
 20017 | Lair:2   | Reached skill level 10 in Dodging
 21128 | Lair:2   | Killed an eight-headed hydra
 21128 | Lair:2   | Reached skill level 11 in Spellcasting
 21660 | Lair:2   | Learned a level 4 spell: Summon Lightning Spire
 22017 | Lair:3   | Reached skill level 1 in Summonings
 22401 | Lair:3   | Found a staircase to the Snake Pit.
 22913 | Lair:4   | Found a gate leading to a gauntlet.
 22924 | Gauntlet | Entered a Gauntlet
 22924 | Gauntlet | Found a transporter.
 22924 | Gauntlet | Noticed a death yak
 22926 | Gauntlet | Noticed a death yak
 22926 | Gauntlet | Noticed a death yak
 22926 | Gauntlet | Noticed a death yak
 22928 | Gauntlet | Found a transporter.
 22945 | Gauntlet | Found a transporter.
 22948 | Gauntlet | Found a transporter.
 22957 | Gauntlet | Noticed a balrug
 22958 | Gauntlet | Found a transporter.
 22978 | Gauntlet | Found a transporter.
 22978 | Gauntlet | Noticed a death yak
 22978 | Gauntlet | Noticed a death yak
 22979 | Gauntlet | Noticed a death yak
 22981 | Gauntlet | Found a transporter.
 22981 | Gauntlet | Noticed a death yak
 22985 | Gauntlet | Found a transporter.
 23021 | Gauntlet | Found a transporter.
 23021 | Gauntlet | Found a transporter.
 23029 | Gauntlet | Found a transporter.
 23062 | Gauntlet | Noticed a green death
 23070 | Gauntlet | Found a transporter.
 23394 | Gauntlet | Identified a +0 pair of boots of running (You found it in a
                  | Gauntlet)
 23412 | Gauntlet | Killed a death yak
 23412 | Gauntlet | Reached XP level 13. HP: 83/83 MP: 12/30
 23658 | Gauntlet | Got a pitted helmet
 23664 | Gauntlet | Identified the +1 helmet of the Monkey {rPois Slay+2} (You
                  | found it in a Gauntlet)
 23686 | Gauntlet | Noticed a minotaur
 23692 | Gauntlet | Killed a minotaur
 23867 | Lair:4   | Found a staircase to the Shoals.
 24905 | Lair:4   | Reached ***** piety under Vehumet
 25214 | Lair:5   | Noticed Josephine
 25297 | Lair:5   | Reached skill level 5 in Summonings
 25302 | Lair:5   | Offered knowledge of Iron Shot by Vehumet.
 25313 | Lair:5   | Learned a level 6 spell: Iron Shot
 25488 | Lair:5   | Killed Josephine
 25697 | Lair:5   | Found a frozen archway.
 25709 | IceCv    | Entered an ice cave
 26398 | IceCv    | Found an ancient bone altar of Kikubaaqudgha.
 27225 | Lair:5   | Found a staircase to the Slime Pits.
 27261 | Lair:5   | Offered knowledge of Bolt of Magma by Vehumet.
 27391 | Lair:5   | Learned a level 5 spell: Bolt of Magma
 27438 | Lair:5   | Reached skill level 1 in Shields
 27825 | Lair:6   | Entered Level 6 of the Lair of Beasts
 27907 | Lair:5   | Lost mutation: You evolve. [evolution]
 27971 | Lair:5   | Reached XP level 14. HP: 89/90 MP: 23/31
 28448 | Lair:6   | Reached skill level 12 in Spellcasting
 28996 | Lair:6   | Got a shimmering battleaxe
 28997 | Lair:6   | Identified the +2 battleaxe of Tenacity {pain, rElec MR+}
                  | (You found it on level 6 of the Lair of Beasts)
 29268 | Lair:6   | Reached skill level 13 in Spellcasting
 29452 | Lair:6   | Reached skill level 14 in Spellcasting
 29601 | Lair:6   | Reached skill level 15 in Spellcasting
 29980 | Lair:6   | Reached skill level 16 in Spellcasting
 30374 | D:10     | Entered Level 10 of the Dungeon
 30514 | D:10     | Offered knowledge of Yara's Violent Unravelling by Vehumet.
 30578 | D:10     | Found Ifoqak's Assorted Antiques.
 30593 | D:10     | Bought a crooked bone wand for 84 gold pieces
 30593 | D:10     | Bought a curved jewelled staff for 252 gold pieces
 30815 | D:10     | Found Jokhlusy's Elemental Accessories.
 30825 | D:10     | Reached skill level 1 in Earth Magic
 31637 | D:10     | Reached skill level 1 in Armour
 31941 | D:11     | Noticed Erica
 31943 | D:11     | Killed Erica
 31946 | D:11     | Noticed Sonja
 32065 | D:11     | Found Ustrefelu's Gadget Emporium.
 32065 | D:11     | Noticed Grum
 32102 | D:11     | Killed Sonja
 32357 | D:11     | Killed Grum
 32583 | D:11     | Bought a wand of acid (10) for 392 gold pieces
 32849 | D:11     | Noticed Harold
 32853 | D:11     | Killed Harold
 33438 | D:12     | Reached skill level 5 in Earth Magic
 33592 | D:12     | Reached XP level 15. HP: 94/96 MP: 6/37
 34323 | Orc:1    | Entered Level 1 of the Orcish Mines
 34323 | Orc:1    | Noticed Gastronok
 34327 | Orc:1    | Killed Gastronok
 34946 | Orc:2    | Entered Level 2 of the Orcish Mines
 34953 | Orc:2    | Found a shimmering altar of Xom.
 34966 | Orc:1    | Offered knowledge of Poison Arrow by Vehumet.
 35292 | Orc:2    | Found a staircase to the Elven Halls.
 35919 | Orc:2    | Found Onwovolea's Distillery.
 36006 | Orc:2    | Found Riofipn's Magic Scroll Shoppe.
 36487 | Orc:2    | Reached ****** piety under Vehumet
 36700 | Orc:2    | Found Emnag's Antique Armour Shop.
 36700 | Orc:2    | Found Uhufeaceq's Gadget Boutique.
 36700 | Orc:2    | Found a one-way gate leading to the halls of Pandemonium.
 36940 | Orc:2    | Noticed Urug
 36941 | Orc:2    | Killed Urug
 37312 | Orc:1    | Noticed Fannar
 37315 | Orc:1    | Killed Fannar
 37688 | Orc:2    | Bought a scroll of teleportation for 48 gold pieces
 37688 | Orc:2    | Bought a scroll of fog for 32 gold pieces
 37688 | Orc:2    | Bought a scroll of enchant armour for 120 gold pieces
 37688 | Orc:2    | Bought a scroll of fear for 56 gold pieces
 37688 | Orc:2    | Bought a scroll of enchant weapon for 120 gold pieces
 37690 | Orc:2    | Bought a potion of heal wounds for 55 gold pieces
 37690 | Orc:2    | Bought a potion of curing for 33 gold pieces
 37690 | Orc:2    | Bought a potion of curing for 33 gold pieces
 37719 | Orc:2    | Bought a runed shield for 240 gold pieces
 37723 | Orc:2    | Bought a pair of embroidered gloves for 240 gold pieces
 37864 | D:13     | Noticed Frances
 37868 | D:13     | Killed Frances
 37868 | D:13     | Reached skill level 1 in Staves
 38001 | D:13     | Reached skill level 15 in Conjurations
 38354 | D:13     | Offered knowledge of Bolt of Fire by Vehumet.
 38656 | D:13     | Found a shimmering altar of Xom.
 39418 | D:14     | Found a roughly hewn altar of Beogh.
 39812 | D:14     | Found a gate to the Vaults.
 40070 | D:14     | Reached XP level 16. HP: 105/105 MP: 34/38
 40100 | D:14     | Offered knowledge of Orb of Destruction by Vehumet.
 40167 | D:14     | You fall into a shaft and drop 1 floor!
 40167 | D:15     | Entered Level 15 of the Dungeon
 40309 | D:15     | Noticed Nessos
 40314 | D:15     | Killed Nessos
 40618 | D:14     | Reached skill level 10 in Earth Magic
 40765 | D:14     | Found a shadowy altar of Dithmenos.
 41917 | D:15     | Found a staircase to the Depths.
 42307 | Snake:1  | Entered Level 1 of the Snake Pit
 42985 | Snake:1  | Found Zagoxkei's Antique Weapon Emporium.
 43463 | Snake:1  | Offered knowledge of Spellforged Servitor by Vehumet.
 43535 | Snake:1  | Learned a level 7 spell: Spellforged Servitor
 43651 | Snake:2  | Noticed Asterion
 43659 | Snake:2  | Killed Asterion
 44346 | Snake:2  | Reached skill level 5 in Staves
 44529 | Snake:2  | Noticed Vashnia
 44539 | Snake:2  | Killed Vashnia
 44544 | Snake:2  | Shot with a bolt by a naga sharpshooter

Levels and vault maps discovered:
D:1:      minmay_arrival_cross, layout_rooms
D:2:      wad_river_or_something, layout_basic,
          chequers_temple_overflow_minitemple, serial_aquarium,
          aquarium_bridge_square [aquarium_subvault_balcony,
          aquarium_subvault_wall, aquarium_subvault_bridge,
          aquarium_subvault_bridge], aquarium_window_fake, aquarium_window_2,
          aquarium_view_2b
D:3:      layout_loops_cross, first_ration, chequers_garden
D:4:      minmay_chambers_of_twos, layout_basic, chequers_serial_rivers_large_a,
          uniq_blork_the_orc, uniq_natasha
D:5:      layout_rooms, minmay_chambers_of_fives
D:6:      layout_loops_ring, minitemple
D:7:      layout_loops_ring, minmay_temple_entry_antechambers, basic_altar,
          cheibrodos_worm_habitat, uniq_prince_ribbit1
D:8:      layout_loops_ring, enter_ossuary_5, hangedman_ranch
          [blue_anna_fruit_fields]
D:9:      layout_roguey, lemuel_round_altar, erik_lair_island, orc_0_dummy,
          serial_bayou, serial_bayou_shore_a, serial_bayou_lagoon_a,
          serial_bayou_pond_e, serial_bayou_pond_d
D:10:     layout_rooms, serial_co_window_serial, co_window_paths_a,
          co_window_cross_1, co_window_paths_a, co_window_cross_1,
          co_window_corner_a, co_window_corner_cb, co_window_2corner,
          co_window_paths_c, co_window_4corner_b, co_window_paths_e,
          serial_shops, kennysheep_mini_moat, nicolae_elemental_shop
D:11:     layout_cave_pools, serial_shops, nicolae_shop_crystal, uniq_sonja,
          uniq_erica, uniq_harold, uniq_grum
D:12:     layout_cave_pools
D:13:     layout_rooms, basic_altar, uniq_frances
D:14:     layout_small_grid, skrybe_vaults_entry_preservation, special_room
          [special_room_orc], columned_hall_lemuel, grunt_dithmenos_shadows
D:15:     grunt_enter_depths_magical_seal, layout_long_grid, minmay_door_square,
          uniq_nessos
Temple:   minmay_temple_curvy_loop
Lair:1:   minmay_lair_oklob_tunnel, layout_loops_ring, gammafunk_ghost_grave
Lair:2:   beast_lair_carwin_large_4, layout_layer_cave,
          grunt_forest_large_clearings, serial_bayou_shore_b
Lair:3:   layout_roguey, minmay_snake_entry_guardpost_small
Lair:4:   layout_cave_pods, elwin_shoals_entry_stream, gauntlet_entry_generic
Lair:5:   layout_roguey, minmay_slime_entry_pillars,
          portal_ice_cave_demonic_guard, chequers_serial_rivers_small_3,
          minmay_lair_oklob_chamber, uniq_josephine
Lair:6:   evilmike_catoblepas_cave, layout_loops_ring,
          grunt_forest_large_clearing_hut, grunt_megastairs_1
Snake:1:  layout_gridlike, minmay_shop_star, serial_bayou_shore_b
Snake:2:  layout_grid_shapes, uniq_vashnia, uniq_asterion
Orc:1:    layout_caves, uniq_fannar, uniq_gastronok
Orc:2:    pf_orc_diabolical, layout_diamond_mine, basic_altar, uniq_urug

Skill      XL: |  1  2  3  4  5  6  7  8  9 10 11 12 13 14 15 16 |
---------------+-------------------------------------------------+-----
Conjurations   | 2 3 4 5 7 8 10 11 12 14 15 | 15.7
Dodging        | 3 4 5 6 7 8 9 10 11 | 11.4
Fire Magic     | 4 5 6 7 9 10 11 13 | 13.6
Spellcasting   | 4 5 6 7 9 10 11 16 | 16.5
Fighting       | 1 2 3 4 5 6 7 8 9 |  9.9
Summonings     | 2 6 |  6.6
Shields        | 1 4 |  4.0
Earth Magic    | 5 9 11 | 11.6
Armour         | 2 4 |  4.2
Staves         | 3 5 |  5.4
Stealth        | |  2.4

Action                   |  1- 3 |  4- 6 |  7- 9 | 10-12 | 13-15 | 16-18 || total
-------------------------+-------+-------+-------+-------+-------+-------++-------
Melee: Dagger            |     9 |       |       |       |       |       ||     9
       Short sword       |       |     3 |       |       |       |       ||     3
       Glaive            |       |       |     7 |    29 |    19 |       ||    55
       Staff             |       |       |       |     5 |    70 |       ||    75
 Cast: Flame Tongue      |    21 |    43 |   162 |   207 |    60 |     1 ||   494
       Throw Flame       |    43 |    66 |    96 |   144 |    23 |     2 ||   374
       Sticky Flame      |       |     5 |    19 |    56 |    44 |       ||   124
       Conjure Flame     |       |     3 |     3 |    15 |     6 |       ||    27
       Fireball          |       |       |    11 |    86 |   404 |    84 ||   585
       Mephitic Cloud    |       |       |       |     2 |     3 |       ||     5
       Summon Lightning  |       |       |       |       |    18 |     2 ||    20
       Iron Shot         |       |       |       |       |    67 |    30 ||    97
       Bolt of Magma     |       |       |       |       |     9 |     3 ||    12
       Spellforged Servi |       |       |       |       |       |     4 ||     4
  Use: Scroll            |       |    11 |     4 |    13 |    12 |     1 ||    41
       Potion            |       |     5 |       |     1 |     1 |       ||     7
 Stab: Distracted        |       |       |       |       |     2 |       ||     2
  Eat: Chunk             |     3 |     9 |    11 |    29 |    46 |     8 ||   106
       Ration            |     1 |     2 |     3 |     6 |     9 |     2 ||    23
Armor: Robe              |     2 |     1 |    26 |    32 |    43 |     4 ||   108
Dodge: Dodged            |    28 |     8 |    74 |   175 |   155 |    17 ||   457
       Deflected         |       |       |     1 |     4 |       |       ||     5
Block: Buckler           |       |       |       |       |    34 |     4 ||    38

Table legend:
 A = Non-vault XP
 B = Vault XP
 C = Vault XP percentage of total XP
 D = Non-vault monster count
 E = Vault monster count
 F = Vault count percentage of total count
                 A         B        C        D         E       F
            +---------+---------+-------+---------+---------+-------
      Total |  101705 |   91188 |  47.3 |     602 |     363 |  37.6
            +---------+---------+-------+---------+---------+-------
        D:1 |      35 |       0 |   0.0 |      24 |       0 |   0.0
        D:2 |      61 |      28 |  31.5 |      12 |       9 |  42.9
        D:3 |      41 |       0 |   0.0 |      21 |       0 |   0.0
        D:4 |     258 |     222 |  46.2 |      22 |       6 |  21.4
        D:5 |     385 |      76 |  16.5 |      15 |       4 |  21.1
        D:6 |     893 |       0 |   0.0 |      20 |       0 |   0.0
        D:7 |    1665 |     264 |  13.7 |      25 |       2 |   7.4
        D:8 |    1874 |    2485 |  57.0 |      35 |      11 |  23.9
        D:9 |    2008 |     675 |  25.2 |      36 |       5 |  12.2
       D:10 |    4768 |     226 |   4.5 |      48 |       2 |   4.0
       D:11 |    7404 |    2902 |  28.2 |      23 |       4 |  14.8
       D:12 |    5486 |       0 |   0.0 |      35 |       0 |   0.0
       D:13 |    9396 |    2365 |  20.1 |      29 |       1 |   3.3
       D:14 |    7984 |    3427 |  30.0 |      36 |      37 |  50.7
       D:15 |    8513 |    5982 |  41.3 |      32 |      11 |  25.6
     Lair:1 |    8189 |    2518 |  23.5 |      36 |       7 |  16.3
     Lair:2 |    5369 |    6542 |  54.9 |      19 |      43 |  69.4
     Lair:3 |    2236 |     476 |  17.6 |      11 |       3 |  21.4
     Lair:4 |    5733 |    1648 |  22.3 |      13 |       5 |  27.8
     Lair:5 |    2188 |    5690 |  72.2 |       9 |      18 |  66.7
     Lair:6 |    7876 |   12985 |  62.2 |      23 |      31 |  57.4
    Snake:1 |    8918 |       0 |   0.0 |      16 |       0 |   0.0
    Snake:2 |    5700 |    8994 |  61.2 |       8 |       5 |  38.5
      Orc:1 |    2329 |    3089 |  57.0 |      32 |       2 |   5.9
      Orc:2 |    2396 |   18356 |  88.5 |      22 |      65 |  74.7
    Ossuary |       0 |     306 | 100.0 |       0 |      30 | 100.0
      IceCv |       0 |    6179 | 100.0 |       0 |      54 | 100.0
   Gauntlet |       0 |    5753 | 100.0 |       0 |       8 | 100.0
            +---------+---------+-------+---------+---------+-------
